 Dungeon Crawl Stone Soup version 0.29.1-15-g9cfb28693d (webtiles) character file.

Game seed: 9632449976726908509

14541 LLlMATKO the Fighter (level 11, -1/101 HPs)
             Began as a Minotaur Berserker on May 1, 2023.
             Was a High Priest of Trog.
             Constricted to death by Jorgrun (9 damage)
             ... on level 12 of the Dungeon.
             The game lasted 00:16:39 (11881 turns).

LLlMATKO the Fighter (Minotaur Berserker)          Turns: 11881, Time: 00:16:40

Health: -1/101     AC: 19    Str: 24    XL:     11   Next: 90%
Magic:  10/10      EV: 11    Int: 10    God:    Trog [*****.]
Gold:   757        SH: 13    Dex: 12    Spells: 10/10 levels left

rFire   + . .      SeeInvis .   w - +2 hand axe (elec)
rCold   . . .      Faith    .   y - +2 buckler {AC+3}
rNeg    . . .      Spirit   .   I - +0 plate armour
rPois   +          Reflect  +   (helmet restricted)
rElec   +          Harm     .   (no cloak)
rCorr   .          Rampage  .   (no gloves)
Will    .....                   C - +0 pair of boots
Stlth   ..........              r - amulet of reflection
HPRegen 0.26/turn               F - ring of Bebidyong {EV+4 Slay+3}
MPRegen 0.12/turn               g - ring "Memo" {rElec rPois rF+ Int+6}

@: grasped by roots, on berserk cooldown, slowed, constricted, very slow
A: horns 2, retaliatory headbutt
a: Renounce Religion, Berserk, Trog's Hand, Brothers in Arms


You were on level 12 of the Dungeon.
You worshipped Trog.
Trog was extremely pleased with you.
You visited 1 branch of the dungeon, and saw 12 of its levels.
You also visited: Bailey.

You collected 757 gold pieces.

Inventory:

Hand Weapons
 q - a +0 sling of venom
 w - a +2 hand axe of electrocution (weapon)
 P - a +5 halberd of electrocution
 S - the +9 trident of Dugg {flame, *Slow rPois Int+3 Dex+4}
   (You found it on level 9 of the Dungeon)

   It burns those it strikes, dealing additional fire damage.
   Int:       It affects your intelligence (+3).
   Dex:       It affects your dexterity (+4).
   rPois:     It protects you from poison.
   *Slow:     It may slow you when you take damage.
Missiles
 p - 31 poisoned darts (quivered)
 E - 86 stones
 J - 4 throwing nets
 M - 6 boomerangs
 Z - 5 curare-tipped darts
Armour
 h - a +0 pair of gloves
 y - a +2 buckler of protection (worn)
 C - a +0 pair of boots (worn)
 I - a +0 plate armour (worn)
 R - the +2 pair of gloves of a wizard's laboratory {Fly Slay+2}
   (You found it on level 9 of the Dungeon)

   Slay:      It affects your accuracy & damage with ranged weapons and melee
   (+2).
   Fly:       It grants you flight.
Jewellery
 e - a ring of resist corrosion
 g - the ring "Memo" (right hand) {rElec rPois rF+ Int+6}
   (You acquired it on level 9 of the Dungeon)

   [ring of intelligence]

   Int:       It affects your intelligence (+6).
   rF:        It protects you from fire.
   rElec:     It insulates you from electricity.
   rPois:     It protects you from poison.
 r - an amulet of reflection (around neck)
 s - a +6 ring of dexterity
 u - a ring of poison resistance
 F - the ring of Bebidyong (left hand) {EV+4 Slay+3}
   (You found it on level 4 of the Dungeon)

   [ring of evasion]

   EV:        It affects your evasion (+4).
   Slay:      It affects your accuracy & damage with ranged weapons and melee
   (+3).
 G - a ring of protection from cold
 T - a +4 ring of evasion
Wands
 n - a wand of acid (24)
 v - a wand of paralysis (10)
 H - a wand of iceblast (29)
 Q - a wand of polymorph (5)
Scrolls
 b - 10 scrolls of identify
 c - 2 scrolls of blinking
 i - 4 scrolls of teleportation
 m - 3 scrolls of silence
 o - a scroll of immolation
 t - 2 scrolls of enchant armour
 A - 3 scrolls of magic mapping
 D - 6 scrolls of fog
 V - a scroll of brand weapon
 W - 2 scrolls of poison {unknown}
 X - a scroll of torment {unknown}
 Y - a scroll of summoning {unknown}
Potions
 a - 3 potions of curing
 d - 2 potions of attraction {unknown}
 f - 3 potions of magic {unknown}
 j - a potion of berserk rage {unknown}
 k - 6 potions of invisibility {unknown}
 l - 2 potions of degeneration {unknown}
 x - 3 potions of mutation {unknown}
 z - 4 potions of haste
 B - 5 potions of lignification {unknown}
 K - 4 potions of brilliance {unknown}
 L - 3 potions of heal wounds {unknown}
 N - 3 potions of might
 O - a potion of cancellation {unknown}
 U - a potion of flight {unknown}


   Skills:
 + Level 10.6 Fighting
 + Level 10.4 Axes
 + Level 7.9 Ranged Weapons
 + Level 10.2 Armour
 + Level 9.2 Dodging
 + Level 9.1 Shields


You had 10 spell levels left.
You didn't know any spells.
Your spell library was empty.

Dungeon Overview and Level Annotations

Branches:
Dungeon (12/15)            Temple (0/1) D:6            Lair (0/5) D:9
    Orc (0/2) D:10         Bailey (visited)

Altars:
Ashenzari
Gozag
Kikubaaqudgha
Nemelex Xobeh
Okawaru
Qazlal
Wu Jian
Yredelemnul
Zin
The Shining One

Shops:
D:7 (

Annotations:
D:3 3 runed translucent doors, steph's ghost, amateur MiFi
D:12 Jorgrun


Innate Abilities, Weirdness & Mutations

You have a pair of horns on your head.
You reflexively headbutt those who attack you in melee.


Message History

You hit Jorgrun but do no damage. Lightning courses through Jorgrun!
You headbutt Jorgrun!
Jorgrun is moderately wounded.
Jorgrun casts a spell at you.
Roots burst forth from the earth!
The grasping roots grab you! The grasping roots constrict you!
You are too injured to fight recklessly!
You are too injured to fight recklessly!
You hit Jorgrun.
Jorgrun is moderately wounded.
You are too injured to fight recklessly!
You slash Jorgrun! Lightning courses through Jorgrun!
Your headbutt misses Jorgrun.
Jorgrun is heavily wounded.
You are no longer berserk.
You are exhausted.
You feel yourself slow down. Jorgrun barely misses you.
The grasping roots constrict you!
Unknown command.
You miss Jorgrun.
Jorgrun is heavily wounded.
Jorgrun closely misses you. You furiously retaliate!
You headbutt Jorgrun. The grasping roots constrict you.
* * * LOW HITPOINT WARNING * * *
Unknown command.
You hit Jorgrun but do no damage.
Jorgrun is heavily wounded.
Jorgrun hits you but does no damage. The grasping roots constrict you!
* * * LOW HITPOINT WARNING * * *
Unknown command.
You closely miss Jorgrun. You headbutt Jorgrun.
Jorgrun is heavily wounded.
You block Jorgrun's attack. The grasping roots constrict you!
* * * LOW HITPOINT WARNING * * *
The roots grasp on you weakens, but your attempt to escape fails.
Jorgrun hits you with a +0 vorpal quarterstaff.
* * * LOW HITPOINT WARNING * * *
x2 The grasping roots constrict you!
You die...

#### ###########
.....
#.....<[..####J.....
#.........#.@gT.....
#.........#.##J.....
#.........'.# .....
#.........### ....
#........># ...
####+###### .. .


You could see Jorgrun, 2 slime creatures and a troll.

Vanquished Creatures
  A two-headed ogre (D:9)
  Sonja (D:11)
  A deep elf pyromancer (D:12)
  An orc knight (Bailey)
  A manticore (D:11)
  2 slime creatures (D:12)
  2 ugly things (D:12)
  2 gargoyles
  A kobold demonologist (D:9)
  2 trolls
  Prince Ribbit (D:5)
  20 yaks
  A wyvern (D:9)
  4 steam dragons
  4 vampire mosquitoes (D:10)
  An acid dragon (D:11)
  2 water moccasins
  2 orc warriors (D:9)
  A sky beast (D:7)
  A black bear (D:5)
  3 ice beasts
  4 centaurs
  A wolf (D:9)
  An ogre (D:5)
  2 phantoms
  2 kobold brigands
  A gnoll sergeant (D:9)
  2 bullfrogs (D:7)
  7 scorpions
  12 wights
  3 killer bees (D:8)
  16 howler monkeys
  7 electric eels (D:10)
  11 hounds
  2 gnoll boudas
  5 orc priests
  6 iguanas
  Ijyb (D:5)
  6 orc wizards
  27 gnolls
  9 adders
  2 white imps
  A dart slug (D:1)
  55 orcs
  10 ball pythons
  10 endoplasms
  5 giant cockroaches
  8 goblins
  9 hobgoblins
  4 jackals (D:4)
  4 quokkas
  6 bats
  4 frilled lizards
  24 kobolds
  A rat (D:1)
322 creatures vanquished.

Notes
Turn   | Place    | Note
-------+----------+-------------------------------------------
     0 | D:1      | LLlMATKO the Minotaur Berserker began the quest for the
                  | Orb.
     0 | D:1      | Reached XP level 1. HP: 19/19 MP: 0/0
   365 | D:1      | Reached XP level 2. HP: 25/27 MP: 1/1
   818 | D:2      | Found a faded altar of an unknown god.
   860 | D:2      | Reached XP level 3. HP: 33/33 MP: 2/2
  1208 | D:2      | Reached ** piety under Trog
  1472 | D:3      | Reached XP level 4. HP: 41/41 MP: 3/3
  1657 | D:3      | Found a runed translucent gate.
  1658 | D:3      | Found a runed translucent gate.
  1658 | D:3      | Found an opulent altar of Gozag.
  1659 | D:3      | Found a runed translucent gate.
  1661 | D:3      | Noticed steph's ghost (amateur MiFi)
  1662 | D:3      | Noticed a scorpion
  2021 | D:3      | Reached XP level 5. HP: 47/47 MP: 4/4
  2445 | D:3      | Noticed a water moccasin
  2456 | D:3      | Killed a water moccasin
  2457 | D:3      | Reached skill level 5 in Fighting
  2457 | D:3      | Reached skill level 5 in Axes
  2457 | D:3      | Reached XP level 6. HP: 56/56 MP: 5/5
  2785 | D:4      | Found an ornate altar of the Wu Jian Council.
  2914 | D:4      | Found an iron altar of Okawaru.
  2985 | D:4      | Found a glowing silver altar of Zin.
  2996 | D:4      | Found a stormy altar of Qazlal.
  3264 | D:2      | Found a faded altar of an unknown god.
  3909 | D:4      | Reached skill level 1 in Shields
  4060 | D:4      | Reached *** piety under Trog
  4181 | D:4      | Identified the ring of Bebidyong {EV+4 Slay+3}
  4337 | D:5      | Entered Level 5 of the Dungeon
  4393 | D:5      | Reached skill level 5 in Armour
  4393 | D:5      | Reached XP level 7. HP: 60/62 MP: 6/6
  4409 | D:5      | Found a glowing golden altar of the Shining One.
  4499 | D:5      | Found an ancient bone altar of Kikubaaqudgha.
  4540 | D:5      | Reached skill level 1 in Ranged Weapons
  4586 | D:5      | Reached skill level 5 in Dodging
  4589 | D:5      | Noticed Ijyb
  4600 | D:5      | Killed Ijyb
  4601 | D:5      | Reached XP level 8. HP: 70/70 MP: 7/7
  4778 | D:5      | Noticed Prince Ribbit
  4801 | D:5      | Killed Prince Ribbit
  5165 | D:6      | Found a basalt altar of Yredelemnul.
  5193 | D:6      | Reached **** piety under Trog
  5328 | D:6      | Found a staircase to the Ecumenical Temple.
  5507 | D:6      | Reached XP level 9. HP: 79/79 MP: 8/8
  5815 | D:7      | Reached skill level 5 in Shields
  5922 | D:7      | Found Jesofawy's Weapon Emporium.
  5963 | D:7      | Noticed a gargoyle
  5977 | D:7      | Killed a gargoyle
  6151 | D:7      | Reached skill level 5 in Ranged Weapons
  6251 | D:7      | Reached XP level 10. HP: 76/90 MP: 9/9
  7168 | D:8      | Reached ***** piety under Trog
  7898 | D:9      | Identified a scroll of acquirement
  7898 | D:9      | Acquired the ring "Memo" {rElec rPois rF+ Int+6}
  7956 | D:9      | Found a sparkling altar of Nemelex Xobeh.
  7999 | D:9      | Found a flagged portal.
  8015 | Bailey   | Entered a bailey
  8210 | Bailey   | Noticed an orc knight
  8221 | Bailey   | Killed an orc knight
  8620 | D:9      | Identified the +2 pair of gloves of a wizard's laboratory
                  | {Fly Slay+2}
  8679 | D:9      | Noticed a two-headed ogre
  8688 | D:9      | Killed a two-headed ogre
  8708 | D:9      | Reached XP level 11. HP: 56/97 MP: 10/10
  8926 | D:9      | Identified the +9 trident of Dugg {flame, *Slow rPois Int+3
                  | Dex+4}
  8979 | D:9      | Found a staircase to the Lair.
  9424 | D:10     | Entered Level 10 of the Dungeon
  9683 | D:10     | Found a broken altar of Ashenzari.
  9758 | D:10     | Found a staircase to the Orcish Mines.
  9777 | D:10     | Identified the +2 robe of the Will of the Gods {Int+6 Dex-2
                  | Slay+5}
 10053 | D:10     | Received a gift from Trog
 10795 | D:11     | Noticed Sonja
 10798 | D:11     | Paralysed by Sonja for 2 turns
 10815 | D:11     | Paralysed by Sonja for 5 turns
 10819 | D:11     | Killed Sonja
 10820 | D:11     | Reached skill level 10 in Fighting
 10950 | D:11     | Reached skill level 10 in Axes
 11805 | D:12     | Noticed a purple ugly thing
 11805 | D:12     | Noticed a deep elf pyromancer
 11810 | D:12     | Killed a deep elf pyromancer
 11811 | D:12     | Reached skill level 10 in Armour
 11812 | D:12     | Killed a purple ugly thing
 11851 | D:12     | Noticed a green ugly thing
 11856 | D:12     | Noticed Jorgrun
 11871 | D:12     | Killed a green ugly thing
 11881 | D:12     | Constricted to death by Jorgrun

Illustrated notes

Levels and vault maps discovered:
D:1:      dpeg_arrival_rooms_a, layout_rooms, kennysheep_doodads
D:2:      layout_basic, basic_ecumenical_altar, corexii_item_surrounded_by_moat,
          corexii_shack, amcnicky_mini_rare_corridor_liquid,
          grunt_decor_arrowhead
D:3:      layout_loops_ring, ebering_ghost_gozag
D:4:      minmay_octagon_keep, layout_rooms, nicolae_overflow_quartered_altars
D:5:      layout_cave_pools, mainiacjoe_overflow_small_starburst,
          nicolae_tso_carved_into_rock, uniq_ijyb, uniq_prince_ribbit1
D:6:      layout_rooms, mainiacjoe_overflow_alcove_1,
          minmay_temple_entry_sparse_star
D:7:      layout_cave_pools, serial_shops, nicolae_shop_bloodbath_and_beyond,
          grunt_potential
D:8:      layout_basic, minmay_misc_feat_nine_boxes
D:9:      layout_loops_ring, nemelex_xobeh_ov_fountains_minmay,
          erik_lair_island, enter_bailey_3, nicolae_benzene_ring
D:10:     layout_basic, evilmike_ruin_ashenzari
D:11:     layout_cave_pools, serial_glass, glass_columns_c, glass_columns_a,
          glass_columns_b, glass_columns_a, glass_columns_a, glass_columns_b,
          glass_columns_a, glass_columns_b, glass_columns_b, glass_columns_a,
          dreamdust_wishing_well, uniq_sonja
D:12:     layout_roguey, uniq_lodul, uniq_azrael, uniq_jorgrun

Skill      XL: |  1  2  3  4  5  6  7  8  9 10 11 |
---------------+----------------------------------+-----
Fighting       | 4 5 6 7 8 9 10 | 10.6
Axes           | 4 5 6 7 8 9 10 | 10.4
Armour         | 3 4 5 6 7 9 10 | 10.2
Dodging        | 3 4 5 6 7 8 9 |  9.2
Shields        | 1 3 4 6 7 9 |  9.1
Ranged Weapons | 2 3 5 6 7 |  7.9

Action                   |  1- 3 |  4- 6 |  7- 9 | 10-12 || total
-------------------------+-------+-------+-------+-------++-------
Melee: Hand axe          |    81 |   140 |   154 |   284 ||   659
       Headbutt          |    16 |    24 |    29 |    60 ||   129
       Punch             |     1 |       |       |       ||     1
 Fire: Sling             |       |    27 |    91 |   156 ||   274
Throw: Dart              |       |     2 |       |     2 ||     4
Invok: Berserk           |     1 |     3 |     1 |     7 ||    12
  Use: Scroll            |       |       |       |    10 ||    10
Armor: Ring mail         |    28 |    40 |    11 |       ||    79
       Animal skin       |     2 |       |       |       ||     2
       Plate armour      |       |       |    18 |    87 ||   105
       Skin              |       |       |       |     8 ||     8
Dodge: Dodged            |    59 |    58 |    79 |   165 ||   361
Block: Other             |       |     3 |       |       ||     3
       Buckler           |       |    30 |    84 |   200 ||   314
       Reflection        |       |     1 |     5 |    12 ||    18
